 Dungeon Crawl Stone Soup version 0.31.0-11-ge490571c62 (console) character file.

Game seed: 2050952797439189215

153434 AlterAsc the Imperceptible (level 18, 0/107 HPs)
             Began as a Kobold Enchanter on Feb 9, 2024.
             Was the Champion of Wu Jian.
             Killed from afar by a spriggan air mage (26 damage)
             ... with a bolt of lightning
             ... on level 1 of the Depths on Feb 10, 2024.
             The game lasted 02:03:18 (35819 turns).

AlterAsc the Imperceptible (Kobold Enchanter)      Turns: 35819, Time: 02:03:19

Health: 0/107      AC: 15    Str: 14    XL:     18   Next: 23%
Magic:  12/24      EV: 28    Int: 20    God:    Wu Jian [******]
Gold:   699        SH:  7    Dex: 23    Spells: 15/25 levels left

rFire   . . .        a - +7 quick blade (venom)
rCold   + . .        b - +0 buckler
rNeg    . . .        G - +5 acid dragon scales "Earthly Heaven" {Regen+ rCorr Str+3}
rPois   +            Q - +1 helmet of Suli {rPois rC+ Will+ rCorr}
rElec   .            X - scarf {shadows}
rCorr   +            (no gloves)
SInv    .            (no boots)
Will    +....        (no amulet)
Stlth   ++++++++++   J - ring of Omeffaysoo {^Contam rPois Will+ Str+6 Int+3}
HPRegen 1.17/turn    B - +5 ring of evasion
MPRegen 0.19/turn

%: no passive effects
@: confusing by touch, weak-willed, jinxed, hasted, invisible, very quick
A: small, no large weapons, nightstalker 3
a: Renounce Religion, Wall Jump, Serpent's Lash, Heavenly Storm


You were on level 1 of the Depths.
You worshipped Wu Jian.
Wu Jian was exalted by your worship.
You visited 6 branches of the dungeon, and saw 26 of its levels.
You also visited: Gauntlet and Volcano.

You collected 2657 gold pieces.
You spent 1958 gold pieces at shops.

Inventory:

Hand Weapons
 a - a +7 quick blade of venom (weapon)
 P - the +8 autumn katana {manifold assault}
   (You found it in a Gauntlet)
 Z - the +8 dagger of the Little People {drain, Will- MP+9 Int+4 Dex+2}
   (You bought it in a shop on level 2 of the Orcish Mines)

   Int+4:     It affects your intelligence (+4).
   Dex+2:     It affects your dexterity (+2).
   Will-:     It decreases your willpower.
   MP+9:      It affects your magic capacity (+9).
Missiles
 g - 32 poisoned darts (quivered)
 r - 3 atropa-tipped darts
Armour
 b - a +0 buckler (worn)
 p - the +1 pair of boots "Tufem" {-Tele +Inv rElec Regen+}
   (You bought it in a shop on level 2 of the Elven Halls)

   rElec:     It insulates you from electricity.
   +Inv:      It lets you turn invisible.
   -Tele:     It prevents most forms of teleportation.
   Regen+:    It increases your rate of health regeneration.
 F - +0 steam dragon scales
 G - the +5 acid dragon scales "Earthly Heaven" (worn) {Regen+ rCorr Str+3}
   (You bought it in a shop on level 7 of the Dungeon)

   Str+3:     It affects your strength (+3).
   Regen+:    It increases your rate of health regeneration.
   rCorr:     It protects you from acid and corrosion.
 Q - the +1 helmet of Suli (worn) {rPois rC+ Will+ rCorr}
   (You found it in a Gauntlet)

   rC+:       It protects you from cold.
   rPois:     It protects you from poison Will+: It increases your willpower.
   rCorr:     It protects you from acid and corrosion.
 X - a scarf of shadows (worn)
Jewellery
 k - a ring of protection from fire
 B - a +5 ring of evasion (right hand)
 E - a ring of resist corrosion
 J - the ring of Omeffaysoo (left hand) {^Contam rPois Will+ Str+6 Int+3}
   (You took it off a minotaur in a Gauntlet)

   [ring of willpower]

   Str+6:     It affects your strength (+6).
   Int+3:     It affects your intelligence (+3).
   rPois:     It protects you from poison Will+: It increases your willpower.
   ^Contam:   It causes magical contamination when unequipped.
 L - a ring of poison resistance
 S - a ring of flight
 W - a ring of protection from fire
Wands
 C - a wand of mindburst (5)
 D - a wand of paralysis (32)
 I - a wand of iceblast (46)
 M - a wand of acid (9)
 O - a wand of flame (24)
 V - a wand of digging (1)
Scrolls
 f - 9 scrolls of teleportation
 h - 4 scrolls of noise
 n - 2 scrolls of vulnerability
 s - 6 scrolls of silence
 u - a scroll of summoning
 v - 2 scrolls of torment
 w - a scroll of acquirement {unknown}
 x - 2 scrolls of amnesia
 y - a scroll of revelation
 z - 5 scrolls of poison
 R - a scroll of fog {unknown}
 T - 3 scrolls of immolation
 Y - 4 scrolls of enchant armour
Potions
 d - 3 potions of cancellation
 e - 4 potions of magic
 i - 4 potions of brilliance
 j - 2 potions of berserk rage {unknown}
 m - 2 potions of experience {unknown}
 o - 3 potions of haste
 q - a potion of ambrosia
 t - 4 potions of curing
 A - 4 potions of lignification {unknown}
 H - 8 potions of might {unknown}
 N - 5 potions of mutation
 U - 2 potions of attraction


   Skills:
 - Level 10.0 Fighting
 - Level 14.0 Short Blades
 - Level 8.0 Armour
 - Level 12.0 Dodging
 + Level 25.5 Stealth
 - Level 6.0 Shields
 - Level 4.0 Spellcasting
 - Level 15.0 Hexes
 - Level 2.0 Ice Magic


You had 15 spell levels left.
You knew the following spells:

 Your Spells              Type           Power      Damage    Failure   Level
a - Ensorcelled Hibernat  Hex/Ice        76%        N/A       1%          2
b - Confusing Touch       Hex            59%        N/A       1%          3
c - Jinxbite              Hex            100%       N/A       1%          2
d - Tukima's Dance        Hex            59%        N/A       1%          3

Your spell library contained the following spells:

 Spells                   Type           Power      Damage    Failure   Level
 Sigil of Binding         Hex            59%        N/A       1%          3
 Dazzling Flash           Conj/Hex       68%        N/A       3%          3
 Anguish                  Hex/Necr       17%        N/A       10%         4
 Dimensional Bullseye     Hex/Tloc       17%        N/A       10%         4
 Apportation              Tloc           8%         N/A       22%         1
 Magic Dart               Conj           16%        1d3       22%         1
 Necrotise                Necr           16%        1d4       22%         1
 Sting                    Conj/Alch      16%        1d4       22%         1
 Summon Small Mammal      Summ           16%        N/A       22%         1
 Yara's Violent Unravell  Hex/Alch       17%        3d8       28%         5
 Cigotuvi's Dreadful Rot  Necr/Alch/Air  8%         N/A       32%         2
 Mercury Vapours          Alch/Air       8%         N/A       32%         2
 Searing Ray              Conj           8%         2d4       32%         2
 Sublimation of Blood     Necr           4%         N/A       32%         2
 Enfeeble                 Hex            29%        N/A       36%         7
 Call Canine Familiar     Summ           4%         N/A       54%         3
 Animate Armour           Summ/Erth      8%         N/A       91%         4
 Fulminant Prism          Conj/Alch      2%         3d5       91%         4
 Ignite Poison            Fire/Alch      4%         N/A       91%         4
 Olgreb's Toxic Radiance  Alch           4%         N/A       91%         4
 Petrify                  Alch/Erth      4%         N/A       91%         4
 Summon Blazeheart Golem  Fire/Summ      4%         N/A       91%         4
 Summon Lightning Spire   Summ/Air       4%         N/A       91%         4
 Discord                  Hex            29%        N/A       97%         8
 Alistair's Intoxication  Alch           2%         N/A       99%         5
 Borgnjor's Vile Clutch   Necr/Erth      2%         N/A       99%         5
 Freezing Cloud           Conj/Ice/Air   3%         6-21      99%         5
 Irradiate                Conj/Alch      2%         3d12      99%         5
 Lee's Rapid Deconstruct  Erth           2%         3d4*      99%         5
 Eringya's Noxious Bog    Alch           2%         4d6       100%        6
 Haunt                    Necr/Summ      2%         N/A       100%        7
 Ozocubu's Refrigeration  Ice            6%         4d8       100%        7


Dungeon Overview and Level Annotations

Branches:
Dungeon (15/15)            Temple (1/1) D:4            Lair (5/5) D:9
 Shoals (0/4) Lair:2        Snake (0/4) Lair:3        Slime (0/5) Lair:5
    Orc (2/2) D:9             Elf (2/3) Orc:2        Vaults (0/5) D:14
 Depths (1/4) D:15        Volcano (visited)         Gauntlet (visited)

Altars:
Ashenzari
Cheibriados
Dithmenos
Elyvilon
Fedhas
Gozag
Hepliaklqana
Kikubaaqudgha
Makhleb
Nemelex Xobeh
Okawaru
Qazlal
Ru
Sif Muna
Trog
Uskayaw
Vehumet
Wu Jian
Xom
Yredelemnul
Zin
The Shining One

Shops:
D:5 **   D:7 [   D:8 (*   Orc:2 (*(?   Elf:1 ((   Elf:2 [=!

Annotations:
D:11 1 exclusion
Lair:4 2 transporters, Trobe's ghost, journeyman GrEE


Innate Abilities, Weirdness & Mutations

You are small and have problems with some larger weapons.
You are completely attuned to the shadows.


Message History

You feel less exhausted.
You start resting.
Your surroundings suddenly seem different.
Splash!
You fall into the shallow water.
Moving in this stuff is going to be slow. ...and don't expect to remain undetected.
You hear a shout! x2
You start resting.
A spriggan air mage comes into view.
The spriggan air mage misses you.
Casting: Confusing Touch (safe; 1% risk of failure)
Confirm with . or Enter, or press ? or * to list all spells.
You beckon some vexing sprites to accompany your attacks.
You feel your willpower being sapped.
The spriggan air mage completely misses you.
You closely miss the spriggan air mage. You barely miss the spriggan air mage.
Casting: Jinxbite (safe; 1% risk of failure)
Confirm with . or Enter, or press ? or * to list all spells.
Your hands begin to glow red.
A water elemental comes into view.
The spriggan air mage completely misses you.
You completely miss the spriggan air mage.
You barely miss the spriggan air mage.
You completely miss the spriggan air mage.
You hit the spriggan air mage but do no damage.
You block the spriggan air mage's attack.
You closely miss the spriggan air mage.
You hit the spriggan air mage but do no damage.
You miss the spriggan air mage.
You hit the spriggan air mage but do no damage.
You hit the spriggan air mage but do no damage.
You completely miss the spriggan air mage.
You block the spriggan air mage's attack.
You hit the spriggan air mage but do no damage. x2
You barely miss the spriggan air mage. x2
You miss the spriggan air mage. x2
The spriggan air mage gestures at you while chanting.
The bolt of lightning hits you!!
You die...

#####
~~~~~#
....~#
....~#
..E@~#
.≈i.~#
.≈..~#
≈≈..~#


You could see a spriggan air mage (repels missiles) and a water elemental
(unable to see you).

Vanquished Creatures
  Agnes (D:15)
  Kirke (Elf:1)
  2 azure jellies (Lair:5)
  Aizul (Elf:1)
  A frost giant (Depths:1)
  An orc warlord (D:13)
  A quicksilver ooze (Gauntlet)
  2 stone giants
  Azrael (D:14)
  A minotaur (Gauntlet)
  Josephine (Lair:5)
  A fire dragon (D:13)
  4 vault guards (D:14)
  5 hydras
  An ogre mage (D:15)
  An alligator (Lair:5)
  A hell hog (Lair:5)
  9 two-headed ogres
  8 centaur warriors
  7 boulder beetles
  The ghost of lurch the Destroyer, a journeyman DECj of Cheibriados (D:11)
  14 dancing weapons
  The ghost of Quickbrownfox the Thaumaturge, a journeyman OpSh of Gozag (D:12)
  4 orc high priests
  3 tengu warriors
  12 deep elf knights
  A spriggan (Lair:2)
  A titan skeleton (Depths:1)
  12 skeletal warriors
  2 arcanists
  7 deep elf archers
  The ghost of Quirk the Protected, a novice MiFi (D:7)
  5 orc knights
  2 necromancers
  4 orc sorcerers (Orc:2)
  11 deep elf zephyrmancers
  Pikel (D:6)
  4 ugly things
  25 deep elf pyromancers
  A lindwurm (Lair:5)
  5 cyclopes
  A stone giant zombie (Depths:1)
  29 elephants
  Maurice (D:8)
  3 manticores
  A merfolk siren (Lair:2)
  2 kobold blastminers (Orc:2)
  3 black mambas
  2 gargoyles (D:12)
  17 cane toads
  2 molten gargoyles (Volcano)
  6 torpor snails
  3 rime drakes
  A kobold demonologist (D:13)
  8 komodo dragons
  A komodo dragon (shapeshifter) (Elf:2)
  An unseen horror (D:13)
  A freezing wraith (D:13)
  An efreet (Volcano)
  7 trolls
  4 tyrant leeches (Lair:5)
  Grinder (D:5)
  3 merfolk (Lair:2)
  8 hornets
  10 polar bears
  9 blink frogs
  2 raiju (Lair:5)
  2 shadows
  A ynoxinul (D:12)
  A centaur simulacrum (D:14)
  A spriggan zombie (Depths:1)
  A spriggan (shapeshifter) (D:15)
  2 water elementals (Elf:1)
  5 slime creatures
  A vampire (D:9)
  48 yaks
  A yak (shapeshifter) (D:15)
  5 fire elementals
  8 humans (D:14)
  3 wyverns
  5 wraiths
  2 fire bats (Volcano)
  3 vampire mosquitoes
  9 wargs
  A warg (shapeshifter) (Elf:1)
  6 basilisks
  A neqoxec (Gauntlet)
  3 steam dragons
  2 chaos spawn (Gauntlet)
  3 nagas (Lair:3)
  16 water moccasins
  2 acid dragons (D:11)
  16 hell hounds
  17 orc warriors
  2 ice beasts (D:5)
  6 laughing skulls
  3 sky beasts
  14 black bears
  4 ogres
  36 wolves
  4 centaurs
  2 phantoms
  4 lemures
  4 kobold brigands
  4 bullfrogs
  2 scorpions
  6 earth elementals
  3 gnoll sergeants
  2 two-headed ogre simulacra (Orc:2)
  3 wights (D:8)
  An elephant simulacrum (Orc:2)
  4 electric eels
  8 howler monkeys
  6 lava snakes (Volcano)
  2 bombardier beetles (D:5)
  A jelly (D:5)
  3 hounds
  17 orc priests
  A sleepcap (D:7)
  A gnoll bouda (D:9)
  20 orc wizards
  An iguana (D:5)
  A troll simulacrum (Orc:2)
  5 polar bear simulacra (D:9)
  A spriggan simulacrum (Orc:2)
  3 wolf simulacra
  23 gnolls
  5 adders
  2 naga simulacra (Orc:2)
  A river rat (D:9)
  2 shadow imps
  4 dart slugs
  2 ribbon worms
  57 orcs
  5 endoplasms
  8 giant cockroaches
  10 hobgoblins
  3 jackals
  2 quokkas
  8 ball pythons
  9 bats
  3 frilled lizards
  9 goblins
  22 kobolds
  8 rats
  4 river rat simulacra (D:9)
820 creatures vanquished.

Vanquished Creatures (others)
  2 humans (Elf:1)
  2 orc wizards
4 creatures vanquished.

Grand Total: 824 creatures vanquished

Notes
Turn   | Place    | Note
-------+----------+-------------------------------------------
     0 | D:1      | AlterAsc the Kobold Enchanter began the quest for the Orb.
     0 | D:1      | Reached XP level 1. HP: 10/10 MP: 3/3
    57 | D:1      | Reached XP level 2. HP: 10/15 MP: 5/5
    68 | D:1      | Learned a level 2 spell: Ensorcelled Hibernation
   231 | D:1      | Reached XP level 3. HP: 19/19 MP: 6/6
   474 | D:1      | Found a large runed translucent door.
   474 | D:1      | Found a large runed translucent door.
  1015 | D:2      | Learned a level 3 spell: Confusing Touch
  1235 | D:2      | Reached XP level 4. HP: 24/24 MP: 4/7
  2132 | D:3      | Reached XP level 5. HP: 28/28 MP: 3/8
  2266 | D:3      | Found a sparkling altar of Nemelex Xobeh.
  2266 | D:3      | Found a shimmering altar of Xom.
  3385 | D:4      | Noticed an ogre
  3388 | D:4      | Killed an ogre
  3389 | D:4      | Reached skill level 5 in Short Blades
  3389 | D:4      | Reached skill level 5 in Hexes
  3389 | D:4      | Reached XP level 6. HP: 32/32 MP: 9/9
  3427 | D:4      | Noticed a black bear
  3633 | D:4      | Killed a black bear
  3634 | D:4      | Reached XP level 7. HP: 36/36 MP: 4/10
  3678 | D:4      | Got Wehoc's Quarto of the Mortuary
  3822 | D:4      | Identified the amulet "Tep Zido" {Spirit Str+2}
  3922 | D:4      | Found a staircase to the Ecumenical Temple.
  3991 | Temple   | Entered the Ecumenical Temple
  4001 | Temple   | Became a worshipper of the Wu Jian Council
  4100 | D:5      | Entered Level 5 of the Dungeon
  4310 | D:5      | Reached XP level 8. HP: 41/41 MP: 4/11
  4448 | D:5      | Reached skill level 1 in Ice Magic
  4594 | D:5      | Found a stormy altar of Qazlal.
  4864 | D:5      | Reached * piety under Wu Jian
  4881 | D:5      | Noticed Grinder
  4887 | D:5      | Killed Grinder
  5050 | D:5      | Found Cyefadd's General Store.
  5051 | D:5      | Found Vexei's Specific Store.
  5058 | D:5      | Bought a scroll of identify for 28 gold pieces
  5119 | D:6      | Reached XP level 9. HP: 45/45 MP: 12/12
  5132 | D:6      | Noticed Pikel
  5313 | D:6      | Killed Pikel
  5314 | D:6      | Reached skill level 10 in Short Blades
  6299 | D:7      | Found a runed translucent door.
  6301 | D:7      | Noticed Quirk's ghost (novice MiFi)
  6501 | D:7      | Reached skill level 10 in Hexes
  6528 | D:7      | Found Marduk's Dragon-Slaying Spoils.
  6913 | D:8      | Noticed Maurice
  6920 | D:8      | Killed Maurice
  6921 | D:8      | Reached XP level 10. HP: 35/50 MP: 6/13
  7520 | D:8      | Found Zaesaf's Assorted Antiques.
  7540 | D:8      | Bought a crude dagger for 182 gold pieces
  7540 | D:8      | Identified the +1 dagger of the Thirsty Artisans {spect,
                  | *Slow rC+ Dex+2} (You bought it in a shop on level 8 of the
                  | Dungeon)
  7750 | D:8      | Found Goqeir Udde's Weapon Boutique.
  8447 | D:9      | Noticed a two-headed ogre
  8480 | D:9      | Killed a two-headed ogre
  8768 | D:9      | Found a staircase to the Lair.
  8817 | D:9      | You fall into a shaft and drop 2 floors!
  9024 | D:10     | Entered Level 10 of the Dungeon
  9072 | D:10     | Reached skill level 1 in Fighting
  9214 | D:10     | Reached ** piety under Wu Jian
  9699 | D:9      | Reached XP level 11. HP: 59/59 MP: 14/14
  9704 | D:9      | Noticed a necromancer
  9744 | D:9      | Reached skill level 5 in Stealth
 10123 | D:9      | Identified the +6 glaive "Athuos" {distort, *Corrode rN++
                  | Will+++ MP-9}
 10548 | D:9      | Found a staircase to the Orcish Mines.
 10624 | D:10     | Noticed a two-headed ogre
 10638 | D:10     | Killed a two-headed ogre
 10639 | D:10     | Reached skill level 5 in Dodging
 10639 | D:10     | Reached skill level 6 in Stealth
 10684 | D:10     | Learned a level 2 spell: Jinxbite
 10688 | D:10     | Learned a level 3 spell: Tukima's Dance
 11725 | D:11     | Reached *** piety under Wu Jian
 11731 | D:11     | Reached skill level 7 in Stealth
 12121 | D:11     | Reached skill level 5 in Fighting
 12306 | D:11     | Reached skill level 8 in Stealth
 12570 | D:11     | Found a runed translucent door.
 12572 | D:11     | Noticed lurch's ghost (journeyman DECj)
 12906 | D:11     | Noticed a cyclops
 12909 | D:11     | Killed a cyclops
 12910 | D:11     | Reached skill level 9 in Stealth
 13217 | Lair:1   | Entered Level 1 of the Lair of Beasts
 13405 | Lair:1   | Reached skill level 10 in Stealth
 13405 | Lair:1   | Reached XP level 12. HP: 68/68 MP: 15/15
 13896 | Lair:1   | Reached **** piety under Wu Jian
 14328 | Lair:2   | Found a staircase to the Shoals.
 14485 | Lair:2   | Noticed a four-headed hydra
 14488 | Lair:2   | Killed a four-headed hydra
 14489 | Lair:2   | Reached skill level 11 in Stealth
 14497 | Lair:2   | Reached skill level 10 in Dodging
 14787 | Lair:2   | Noticed a boulder beetle
 14793 | Lair:2   | Killed a boulder beetle
 14794 | Lair:2   | Reached skill level 12 in Stealth
 14940 | Lair:2   | Noticed a spriggan rider
 15262 | Lair:2   | Reached XP level 13. HP: 72/72 MP: 7/19
 16667 | Lair:3   | Reached skill level 15 in Hexes
 16738 | Lair:3   | Reached ***** piety under Wu Jian
 17109 | Lair:3   | Found a staircase to the Snake Pit.
 18109 | Lair:4   | Reached skill level 13 in Stealth
 18180 | Lair:4   | Found a transporter.
 18211 | Lair:4   | Reached XP level 14. HP: 78/78 MP: 12/20
 18453 | Lair:4   | Noticed Trobe's ghost (journeyman GrEE)
 18459 | Lair:4   | Found a transporter.
 19477 | Orc:1    | Entered Level 1 of the Orcish Mines
 19513 | Orc:1    | Found a dark tunnel.
 19528 | Volcano  | Entered a volcano
 19720 | Volcano  | Reached skill level 14 in Stealth
 19873 | Volcano  | Found a radiant altar of Vehumet.
 19973 | Volcano  | Noticed a stone giant
 19976 | Volcano  | Killed a stone giant
 20435 | Orc:1    | Reached skill level 15 in Stealth
 20908 | Orc:2    | Entered Level 2 of the Orcish Mines
 21226 | Orc:2    | Found a frozen archway.
 21509 | Orc:2    | Reached skill level 16 in Stealth
 21518 | Orc:2    | Paralysed by an orc sorcerer for 2 turns
 21519 | Orc:2    | HP: 3/78 [orange demon[an orc high priest] (5)]
 21533 | Orc:2    | Found Acohod's Antique Weapon Boutique.
 21534 | Orc:2    | Found Snt Moku's Magic Scroll Emporium.
 21746 | Orc:1    | Reached ****** piety under Wu Jian
 22081 | Orc:2    | Found Torualudd's Weapon Emporium.
 22084 | Orc:2    | Found Inwen's General Store.
 22104 | Orc:2    | Bought an encrusted dagger for 224 gold pieces
 22104 | Orc:2    | Identified the +8 dagger of the Little People {drain, Will-
                  | MP+9 Int+4 Dex+2} (You bought it in a shop on level 2 of
                  | the Orcish Mines)
 22211 | Orc:2    | Bought a scroll of identify for 32 gold pieces
 22331 | Orc:2    | Found a staircase to the Elven Halls.
 22592 | D:7      | Bought the +5 acid dragon scales "Earthly Heaven" {Regen+
                  | rCorr Str+3} for 861 gold pieces
 22657 | D:7      | Killed Quirk's ghost
 23213 | D:11     | Killed lurch's ghost
 23276 | D:12     | Found a runed translucent door.
 23285 | D:12     | Noticed Quickbrownfox's ghost (journeyman OpSh)
 23385 | D:12     | Reached skill level 1 in Armour
 23385 | D:12     | Reached skill level 1 in Shields
 23411 | D:12     | Found a gate leading to a gauntlet.
 23416 | Gauntlet | Entered a Gauntlet
 23416 | Gauntlet | Found a transporter.
 23473 | Gauntlet | Found a transporter.
 23483 | Gauntlet | Found a transporter.
 23490 | Gauntlet | Found a transporter.
 23517 | Gauntlet | Found a transporter.
 23519 | Gauntlet | Noticed a quicksilver ooze
 23544 | Gauntlet | Found a transporter.
 23555 | Gauntlet | Found a large runed translucent door.
 23555 | Gauntlet | Found a large runed translucent door.
 23558 | Gauntlet | Found a large runed translucent door.
 23558 | Gauntlet | Found a large runed translucent door.
 23573 | Gauntlet | Found a transporter.
 23584 | Gauntlet | Found a large runed translucent door.
 23584 | Gauntlet | Found a large runed translucent door.
 23587 | Gauntlet | Found a large runed translucent door.
 23587 | Gauntlet | Found a large runed translucent door.
 23600 | Gauntlet | Found a transporter.
 23629 | Gauntlet | Found a transporter.
 23641 | Gauntlet | Found a transporter.
 23665 | Gauntlet | Found a transporter.
 23679 | Gauntlet | Found a transporter.
 23946 | Gauntlet | Found a transporter.
 24014 | Gauntlet | Found a transporter.
 24018 | Gauntlet | Found a transporter.
 24034 | Gauntlet | Found a transporter.
 24038 | Gauntlet | Found a transporter.
 24095 | Gauntlet | Reached XP level 15. HP: 45/89 MP: 21/21
 24168 | Gauntlet | Killed a quicksilver ooze
 24171 | Gauntlet | Identified the +1 helmet of Suli {rPois rC+ Will+ rCorr}
 24245 | Gauntlet | Identified the ring of Omeffaysoo {^Contam rPois Will+
                  | Str+6 Int+3}
 24247 | Gauntlet | Found the +8 autumn katana {manifold assault}
 25064 | D:12     | Killed Quickbrownfox's ghost
 25534 | D:13     | Reached skill level 10 in Fighting
 25787 | D:13     | Noticed an orc warlord
 25829 | D:13     | Reached skill level 5 in Armour
 25829 | D:13     | Reached skill level 5 in Shields
 25839 | D:13     | Killed an orc warlord
 27175 | D:14     | Reached XP level 16. HP: 97/97 MP: 22/22
 27261 | D:14     | Noticed Azrael
 27263 | D:14     | Killed Azrael
 27361 | D:14     | Identified the +11 great mace of Fetaef {venom, MP+9 Int+3}
 27479 | D:14     | Found a gate to the Vaults.
 27841 | D:14     | Reached skill level 17 in Stealth
 27956 | D:15     | Entered Level 15 of the Dungeon
 27996 | D:15     | Found a sacrificial altar of Ru.
 28436 | D:15     | Noticed Agnes
 28438 | D:15     | Killed Agnes
 28867 | D:15     | Found a staircase to the Depths.
 28964 | D:15     | Reached skill level 18 in Stealth
 29330 | D:5      | Bought a scroll of identify for 28 gold pieces
 29400 | D:8      | Bought a scroll of identify for 52 gold pieces
 29484 | Elf:1    | Entered Level 1 of the Elven Halls
 29717 | Elf:1    | Found Veetoet's Weapon Boutique.
 29744 | Elf:1    | Identified the serpent talisman of Vedaem {+Blink Will+}
 29744 | Elf:1    | Noticed Aizul
 29760 | Elf:1    | Killed Aizul
 29773 | Elf:1    | Reached skill level 19 in Stealth
 30272 | Elf:1    | Found Verhubb's Antique Weapon Shop.
 30439 | Elf:1    | Reached skill level 20 in Stealth
 30547 | Elf:1    | Reached XP level 17. HP: 96/102 MP: 23/23
 30980 | Elf:1    | Noticed Kirke
 31168 | Elf:2    | Found Etrau's Jewellery Emporium.
 31288 | Elf:2    | Found Fil Osolilla's Distillery.
 31298 | Elf:2    | Found Gugag's Antique Armour Emporium.
 31339 | Elf:2    | Found a runed translucent gate.
 31340 | Elf:2    | Found a runed translucent gate.
 31340 | Elf:2    | Found a runed translucent gate.
 31351 | Elf:2    | Reached skill level 21 in Stealth
 31486 | Elf:2    | Identified the +1 helmet of Teoklus {Slay+3}
 31732 | Elf:2    | Bought a pair of warped boots for 399 gold pieces
 31732 | Elf:2    | Identified the +1 pair of boots "Tufem" {-Tele +Inv rElec
                  | Regen+} (You bought it in a shop on level 2 of the Elven
                  | Halls)
 32003 | Elf:2    | Reached skill level 22 in Stealth
 32225 | Elf:1    | Killed Kirke
 32902 | Orc:2    | Bought a scroll of brand weapon for 152 gold pieces
 33072 | Lair:5   | Entered Level 5 of the Lair of Beasts
 33222 | Lair:5   | Reached skill level 23 in Stealth
 33436 | Lair:5   | Found a runed translucent door.
 33541 | Lair:5   | Noticed Josephine
 33556 | Lair:5   | Killed Josephine
 33738 | Lair:5   | Identified the +6 plate armour of Afoaz {rPois Dex+2}
 33848 | Lair:5   | Reached skill level 24 in Stealth
 34695 | Lair:5   | Reached XP level 18. HP: 107/107 MP: 8/24
 35029 | Lair:5   | Reached skill level 25 in Stealth
 35503 | Lair:5   | Found a staircase to the Slime Pits.
 35773 | Depths:1 | Entered Level 1 of the Depths
 35785 | Depths:1 | HP: 2/107 [titan skeleton[a necromancer] (27)]
 35819 | Depths:1 | Killed from afar by a spriggan air mage

Illustrated notes

Levels and vault maps discovered:
D:1:      erik_arrival_cave_to_civilisation [erik_arrival_cave_to_temple],
          layout_basic, minivault_4
D:2:      layout_loops_ring
D:3:      kennysheep_big_flooded_room, layout_basic,
          gammafunk_temple_overflow_pools
D:4:      layout_cave_pools, minmay_temple_entry_enclosed_plants, st_stairs_11,
          grunt_ministairs_12
D:5:      layout_cave_pools, serial_park, serial_park_tiny_1,
          serial_park_tiny_2, serial_park_tiny_pond, serial_park_square2,
          serial_park_fountain, hangedman_abyss_or_decor_lesser_grid,
          nicolae_specific_store, uniq_grinder
D:6:      layout_cave_pools, uniq_pikel
D:7:      layout_gridville, gammafunk_ghost_grave, minivault_14,
          minmay_crystal_room, hangedman_decor_push,
          ebering_dispersal_statue_hall, nicolae_shop_dragon_depot
D:8:      layout_basic, serial_shops, shop, nicolae_shop_hallway_stairs,
          chequers_jeans, uniq_maurice
D:9:      layout_basic, lair_entry_dummy, erik_orc_2, eino_house_with_fridge
D:10:     layout_layer_cave
D:11:     layout_roguey, gammafunk_ghost_grave
D:12:     layout_loops_ring, gauntlet_entry_generic, hellmonk_ghost_big_iron,
          hive_lemuel
D:13:     nzn_winding_woodlands_medium [nzn_winding_woodlands_5x5_default,
          nzn_winding_woodlands_5x15_jagged,
          nzn_winding_woodlands_5x5_open_star,
          nzn_winding_woodlands_5x5_default,
          nzn_winding_woodlands_center_pierced_h,
          nzn_winding_woodlands_5x5_default, nzn_winding_woodlands_5x5_default,
          nzn_winding_woodlands_5x15_parted,
          nzn_winding_woodlands_5x5_closed_star], layout_loops_ring,
          kennysheep_pointless_box
D:14:     layout_stronghold, ximxim_vaults_locker_room, uniq_azrael
D:15:     grunt_enter_depths_snipers, layout_basic, nicolae_ru_awakened_eye,
          uniq_agnes
Temple:   nicolae_temple_slightly_damp_pantheon
Lair:1:   layout_gridlike, grunt_megastairs_4
Lair:2:   layout_regular_city, elwin_shoals_entry_stream,
          grunt_forest_large_clearings
Lair:3:   layout_gridlike, guppyfry_snake_entry_island
Lair:4:   layout_gridlike, gammafunk_ghost_wrathful_warriors, grunt_megastairs_2
Lair:5:   hangedman_lair_caniforms_friends, layout_regular_city, wormcave,
          slime_entry_2, serial_forest, infiniplex_forest_end_2,
          infiniplex_forest_lined_3, infiniplex_forest_fountain,
          infiniplex_forest_clump_curved, infiniplex_forest_straight_2,
          infiniplex_forest_straight_3, infiniplex_staircase_pool,
          uniq_josephine
Orc:1:    layout_caves, enter_volcano_1
Orc:2:    st_orc_elflike, layout_caves, basic_altar,
          portal_ice_cave_entry_ice_simulacra
Elf:1:    layout_loops_corners, serial_glass, glass_columns_a, glass_columns_c,
          nicolae_elf_crossing_hall, minmay_shoptagon, uniq_aizul, uniq_kirke
Elf:2:    nicolae_elf_blades_crystal_corner, layout_gridlike, serial_shops,
          nicolae_shop_gaudy_bauble, shop_statue, nicolae_square_shop,
          gammafunk_ghost_fury_of_okawaru
Depths:1: layout_small_grid, enter_ziggurat_c, okawaru_trees_2,
          lightli_too_deep, kennysheep_generic_room_16

Skill      XL: |  1  2  3  4  5  6  7  8  9 10 11 12 13 14 15 16 17 18 |
---------------+-------------------------------------------------------+-----
Short Blades   | 2 3 5 6 7 9 10 14 | 14.0
Hexes          | 4 5 6 7 11 13 14 15 | 15.0
Ice Magic      | 2 |  2.0
Dodging        | 4 8 10 11 12 | 12.0
Fighting       | 2 5 8 10 | 10.0
Stealth        | 10 12 13 16 20 24 25 | 25.5
Spellcasting   | 4 |  4.0
Armour         | 1 6 8 |  8.0
Shields        | 1 6 |  6.0

Action                     |  1- 3 |  4- 6 |  7- 9 | 10-12 | 13-15 | 16-18 || total
---------------------------+-------+-------+-------+-------+-------+-------++-------
  Melee: Dagger            |    72 |    79 |    91 |   346 |  1064 |   553 ||  2205
         Punch             |     1 |     2 |       |     3 |    17 |       ||    23
         Quick blade       |       |       |       |       |       |   776 ||   776
  Throw: Dart              |       |       |       |    11 |       |       ||    11
   Cast: Ensorcelled Hiber |     7 |    36 |    45 |   157 |    96 |     3 ||   344
         Confusing Touch   |       |     1 |     5 |    14 |    92 |   138 ||   250
         Jinxbite          |       |       |       |       |    16 |     4 ||    20
 Invoke: Serpent's Lash    |       |       |       |       |     1 |     4 ||     5
         Heavenly Storm    |       |       |       |       |       |     1 ||     1
Ability: Lunge             |       |       |    22 |    70 |   106 |   106 ||   304
         Whirlwind         |       |       |       |     8 |   187 |   192 ||   387
         Wall Jump         |       |       |       |       |     5 |     1 ||     6
  Evoke: Wand              |       |       |       |       |     2 |       ||     2
    Use: Scroll            |       |       |     8 |     8 |    18 |    13 ||    47
         Potion            |       |       |       |       |    10 |     7 ||    17
   Stab: Sleeping          |    24 |    39 |    40 |   125 |   137 |    74 ||   439
         Confused          |       |     1 |     6 |    15 |    97 |   121 ||   240
         Distracted        |       |     1 |       |     4 |    10 |     6 ||    21
         Invisible         |       |       |       |       |     1 |    14 ||    15
         Paralysed         |       |       |       |       |       |     1 ||     1
 Armour: Robe              |    14 |    46 |    22 |       |       |       ||    82
         Steam dragon scal |       |       |     1 |    47 |   107 |       ||   155
         Acid dragon scale |       |       |       |    25 |   114 |   201 ||   340
  Dodge: Dodged            |    43 |    62 |    63 |   148 |   704 |   494 ||  1514
  Block: Buckler           |       |       |       |       |     1 |   173 ||   174
